 Dungeon Crawl Stone Soup version 0.26.1-2-gb8aa6d0cf2 (webtiles) character file.

Game seed: 603241664197311044

15621 Amaterasu the Carver (level 12, -3/79 (89) HPs)
             Began as a Minotaur Fighter on Feb 15, 2021.
             Was a Plaything of Xom.
             Killed from afar by a white imp (6 damage)
             ... with a puff of frost
             ... summoned by Xom
             ... on level 1 of the Lair of Beasts.
             The game lasted 00:17:51 (12011 turns).

Amaterasu the Carver (Minotaur Fighter)            Turns: 12011, Time: 00:17:52

HP:   -3/79 (89)    AC: 17    Str: 23    XL:     12   Next: 2%
MP:   11/11         EV:  8    Int:  9    God:    Xom [...*..]
Gold: 1565          SH: 12    Dex: 13    Spells: 11/11 levels left

rFire    . . .     SeeInvis .   a - +1 long sword
rCold    . . .     Faith    .   c - +1 kite shield
rNeg     . . .     Spirit   .   y - +0 plate armour
rPois    +         Reflect  .   (helmet restricted)
rElec    .         Harm     .   b - +0 cloak
rCorr    .         Rampage  .   (no gloves)
Will     .....                  v - +1 pair of boots {Fly}
Stlth    ..........             (no amulet)
HPRegen  0.63/turn              w - +6 ring of intelligence
MPRegen  0.12/turn              g - ring of poison resistance

@: flying, heavily drained
A: retaliatory headbutt, horns 2, talons 2, deterioration 1, dopey 1, frail 2,
sense surroundings 1, regeneration 1
a: Stop Flying, Renounce Religion


You were on level 1 of the Lair of Beasts.
You worshipped Xom.
You were a favourite toy of Xom.
You visited 2 branches of the dungeon, and saw 11 of its levels.

You collected 1565 gold pieces.

Inventory:

Hand Weapons
 a - a +1 long sword (weapon)
Armour
 b - a +0 cloak (worn)
 c - a +1 kite shield (worn)
 v - a +1 pair of boots of flying (worn)
 y - a +0 plate armour (worn)
Jewellery
 g - a ring of poison resistance (right hand)
 t - an uncursed ring of resist corrosion
 w - a +6 ring of intelligence (left hand)
Wands
 o - a wand of polymorph (8)
 p - a wand of digging (1)
 B - a wand of disintegration (2)
Scrolls
 f - 6 scrolls of teleportation
 j - 3 scrolls of enchant armour
 l - 5 scrolls of remove curse
 r - 2 scrolls of amnesia
 u - 2 scrolls of enchant weapon
 x - 2 scrolls of magic mapping
 A - a scroll of fog
 C - a scroll of blinking
Potions
 d - 2 potions of might
 e - 2 potions of resistance
 h - 11 potions of curing
 i - a potion of haste
 k - 2 potions of flight
 m - a potion of cancellation
 n - a potion of attraction
 q - 2 potions of magic
 z - a potion of berserk rage
 D - a potion of invisibility
 E - a potion of lignification
 H - a potion of heal wounds
Miscellaneous
 G - a phantom mirror


   Skills:
 - Level 12.0 Fighting
 - Level 14.0 Long Blades
 - Level 8.0 Armour
 - Level 5.0 Dodging
 - Level 8.0 Shields
 * Level 7.0 Evocations


You had 11 spell levels left.
You didn't know any spells.
Your spell library contained the following spells:

 Spells                   Type           Power        Failure   Level
 Animate Skeleton         Necr           0%           100%        1
 Beastly Appendage        Tmut           0%           100%        1
 Magic Dart               Conj           0%           100%        1
 Pain                     Necr           0%           100%        1
 Summon Small Mammal      Summ           0%           100%        1
 Blink                    Tloc           N/A          100%        2
 Call Imp                 Summ           0%           100%        2
 Slow                     Hex            0%           100%        2
 Wereblood                Tmut           0%           100%        2
 Call Canine Familiar     Summ           0%           100%        3
 Conjure Flame            Conj/Fire      0%           100%        3
 Mephitic Cloud           Conj/Pois/Air  0%           100%        3
 Spider Form              Tmut/Pois      0%           100%        3
 Summon Guardian Golem    Hex/Summ       0%           100%        3
 Vampiric Draining        Necr           0%           100%        3
 Animate Dead             Necr           0%           100%        4
 Ice Form                 Ice/Tmut       0%           100%        4
 Summon Ice Beast         Ice/Summ       0%           100%        4
 Summon Lightning Spire   Summ/Air       0%           100%        4
 Agony                    Necr           0%           100%        5
 Blade Hands              Tmut           0%           100%        5


Dungeon Overview and Level Annotations

Branches:
Dungeon (10/15)            Temple (0/1) D:4            Lair (1/6) D:10
    Orc: D:9-12

Altars:
Cheibriados
Fedhas
Gozag
Hepliaklqana
Makhleb
Nemelex Xobeh
Okawaru
Qazlal
Sif Muna
Trog
Xom
Zin
The Shining One


Innate Abilities, Weirdness & Mutations

You reflexively headbutt those who attack you in melee.
You have a pair of horns on your head.
You have razor-sharp toenails.
Your body sometimes deteriorates upon taking damage.
You are dopey. (Int -2)
You are very frail. (-20% HP)
You passively map a small area around you.
Your natural rate of healing is unusually fast.


Message History

You barely miss the soul eater.
The soul eater is lightly wounded.
You block the crimson imp's attack. The white imp completely misses you.
The soul eater hits you but does no damage.
You hit the soul eater.
The soul eater is lightly wounded.
You slash the soul eater!
You headbutt the soul eater, but do no damage.
The soul eater is moderately wounded.
The crimson imp hits you but does no damage.
The white imp hits you but does no damage.
The soul eater hits you.
* * * LOW HITPOINT WARNING * * *
You hit the soul eater but do no damage.
You headbutt the soul eater, but do no damage.
The soul eater is moderately wounded.
You block the crimson imp's attack. The white imp gestures at you.
The puff of frost hits you.
You die...

#..............
................ ##......#.....
.................
##....#.#....,.................
#...##..#...##.......#...#<...
#..........#.#................
#..........##........#...#....
##...#................#........
#.............5................
####...##P...)@.......#........
##.###....3.5......#........
#.# #...##............#....
#.###....#.##....#....##...
###...#............##...P##..
#............................
#.........(..................
#................#####.###.P.
################## ### ####


You could see a soul eater (summoned), a crimson imp (summoned) and a white imp
(summoned).

Vanquished Creatures
  3 two-headed ogres
  3 death yaks (D:10)
  A cyclops (D:7)
  6 centaur zombies (D:10)
  A centaur skeleton (D:10)
  2 cane toads (Lair:1)
  A troll (D:10)
  A blink frog (Lair:1)
  12 yaks
  A spriggan (D:10)
  Grum (Lair:1)
  A steam dragon (D:7)
  A fire bat (D:10)
  5 water moccasins
  6 ice beasts
  2 orc warriors (D:8)
  2 sky beasts
  A black bear (D:10)
  5 ogres
  4 phantoms
  A wolf (Lair:1)
  An eye of draining (D:10)
  A centaur (D:10)
  6 necrophages
  A big kobold (D:7)
  Blork the orc (D:4)
  7 bullfrogs
  5 scorpions
  5 killer bees (D:7)
  16 wights
  A howler monkey (D:7)
  A quasit (D:10)
  A bullfrog zombie (D:8)
  3 jellies
  Crazy Yiuf (D:4)
  2 bullfrog skeletons
  4 hounds
  2 iguanas
  4 orc priests
  8 orc wizards
  5 worker ants
  A killer bee zombie (D:10)
  3 mummies
  5 gnolls
  14 adders
  A shadow imp (D:8)
  A white imp (D:5)
  3 ufetubi
  2 oozes (D:4)
  2 adder skeletons
  4 worms
  2 dart slugs
  5 leopard geckos
  33 orcs
  2 ball pythons
  7 giant cockroaches
  4 hobgoblins
  11 jackals
  3 quokkas
  5 bats
  2 frilled lizards
  8 goblins
  A jackal skeleton (D:4)
  A jackal zombie (D:8)
  4 kobolds
  A leopard gecko zombie (D:6)
  7 rats
267 creatures vanquished.

Vanquished Creatures (collateral kills)
  A black mamba (Lair:1)
  A cane toad (Lair:1)
  A necrophage (D:7)
  2 wolves (Lair:1)
  A worker ant (D:7)
  An ooze (D:7)
7 creatures vanquished.

Vanquished Creatures (others)
  2 fungi (Lair:1)
  3 plants
  3 withered plants (D:10)
8 creatures vanquished.

Grand Total: 282 creatures vanquished

Notes
Turn   | Place    | Note
-------+----------+-------------------------------------------
     0 | D:1      | Amaterasu the Minotaur Fighter began the quest for the Orb.
     0 | D:1      | Reached XP level 1. HP: 19/19 MP: 0/0
   359 | D:1      | Reached XP level 2. HP: 27/27 MP: 1/1
   811 | D:2      | Reached skill level 5 in Fighting
   811 | D:2      | Reached skill level 3 in Long Blades
   811 | D:2      | Reached XP level 3. HP: 36/36 MP: 2/2
   860 | D:2      | Found a stormy altar of Qazlal.
   969 | D:2      | Reached XP level 4. HP: 42/42 MP: 3/3
   987 | D:2      | You fall into a shaft and drop 2 floors!
   995 | D:4      | Noticed an ice beast
  1002 | D:4      | Killed an ice beast
  1003 | D:4      | Reached skill level 4 in Long Blades
  1003 | D:4      | Reached XP level 5. HP: 41/50 MP: 4/4
  1106 | D:4      | Reached skill level 5 in Long Blades
  1450 | D:2      | Found a shimmering altar of Xom.
  1571 | D:2      | Became a worshipper of Xom of Chaos
  1883 | D:3      | XOM: divination: magic mapping
  2398 | D:3      | XOM is BORED!
  2488 | D:3      | XOM: noise
  2781 | D:4      | Noticed Blork the orc
  2809 | D:4      | Killed Blork the orc
  2810 | D:4      | Reached XP level 6. HP: 11/57 MP: 5/5
  3022 | D:4      | XOM: 3-stop teleportation journey
  3027 | D:4      | Reached skill level 1 in Dodging
  3043 | D:4      | Reached skill level 6 in Long Blades
  3050 | D:4      | Reached XP level 7. HP: 49/63 MP: 6/6
  3272 | D:4      | XOM: confusion (+ monsters)
  3287 | D:4      | Reached skill level 5 in Shields
  3322 | D:4      | XOM: noise
  3384 | D:4      | Found a hazy altar of Hepliaklqana.
  3389 | D:4      | Found a blossoming altar of Fedhas.
  3389 | D:4      | Found an iron altar of Okawaru.
  3400 | D:4      | Found a bloodstained altar of Trog.
  3403 | D:4      | Found a glowing golden altar of the Shining One.
  3447 | D:4      | Found a staircase to the Ecumenical Temple.
  3497 | D:4      | Reached skill level 7 in Long Blades
  3574 | D:4      | Found a runed translucent door.
  3575 | D:4      | Noticed Crazy Yiuf
  3620 | D:4      | Reached skill level 5 in Armour
  3693 | D:4      | XOM: give mutations
  3693 | D:4      | Gained mutation: You are dopey. (Int -2) [Xom's mischief]
  3693 | D:4      | Gained mutation: You are frail. (-10% HP) [Xom's mischief]
  3958 | D:4      | XOM: silly message
  4023 | D:4      | XOM: god gift: twisted glowing staff {god gift}
  4039 | D:4      | Killed Crazy Yiuf
  4093 | D:5      | Entered Level 5 of the Dungeon
  4127 | D:5      | XOM: summons 2 hostile demons
  4151 | D:5      | XOM: 1-stop teleportation journey
  4242 | D:5      | Found an opulent altar of Gozag.
  4242 | D:5      | XOM: 3-stop teleportation journey
  4256 | D:5      | Reached skill level 8 in Long Blades
  4280 | D:5      | XOM: give mutations
  4280 | D:5      | Gained mutation: Armour fits poorly on your strangely
                  | shaped body. [Xom's mischief]
  4280 | D:5      | Gained mutation: Your body sometimes deteriorates upon
                  | taking damage. [Xom's mischief]
  4280 | D:5      | Gained mutation: You are very frail. (-20% HP) [Xom's
                  | mischief]
  4280 | D:5      | Lost mutation: Armour fits poorly on your strangely shaped
                  | body. [Xom's mischief]
  4336 | D:5      | XOM: polymorph orc -> dart slug
  4348 | D:5      | Reached XP level 8. HP: 56/56 MP: 7/7
  4748 | D:5      | XOM: scenery: 1 doors close
  4883 | D:5      | Found a glowing silver altar of Zin.
  5016 | D:5      | XOM: scenery: summon butterflies
  5148 | D:6      | Found a burning altar of Makhleb.
  5192 | D:6      | Reached skill level 9 in Long Blades
  5192 | D:6      | Reached skill level 1 in Evocations
  5654 | D:6      | Found a sparkling altar of Nemelex Xobeh.
  5737 | D:6      | Found a shimmering blue altar of Sif Muna.
  5818 | D:7      | Reached skill level 10 in Long Blades
  5940 | D:7      | XOM: 1-stop teleportation journey
  6031 | D:7      | XOM: polymorph gnoll -> steam dragon
  6042 | D:7      | XOM: confuse monster(s)
  6045 | D:7      | XOM: scenery: create altars
  6067 | D:7      | Reached XP level 9. HP: 33/63 MP: 8/8
  6168 | D:7      | XOM: cloud trail
  6191 | D:7      | XOM: stat loss: -1 Dex (10/11)
  6200 | D:7      | Reached skill level 11 in Long Blades
  6261 | D:7      | XOM: 4-stop teleportation journey
  6500 | D:7      | Noticed a cyclops
  6514 | D:7      | Killed a cyclops
  6569 | D:7      | XOM: god gift: 30 gold pieces
  6947 | D:7      | Identified a scroll of acquirement
  6947 | D:7      | Acquired 816 gold pieces
  7033 | D:7      | XOM: summons 5 hostile demons
  7041 | D:7      | XOM: swap monsters
  7318 | D:8      | XOM: 1-stop teleportation journey
  7588 | D:8      | Reached skill level 10 in Fighting
  7862 | D:8      | XOM: 1-stop teleportation journey
  8163 | D:8      | XOM: divination: detect creatures
  8355 | D:8      | XOM: silly message
  8427 | D:8      | XOM: cloud trail
  8595 | D:8      | Reached XP level 10. HP: 72/74 MP: 9/9
  8643 | D:8      | Noticed a two-headed ogre
  8644 | D:8      | XOM: chaos upgrade
  8646 | D:8      | Killed a two-headed ogre
  8659 | D:8      | XOM: divination: detect items
  9303 | D:9      | XOM: give mutations
  9303 | D:9      | Gained mutation: You have sharp toenails. [Xom's grace]
  9303 | D:9      | Gained mutation: You have razor-sharp toenails. [Xom's
                  | grace]
  9303 | D:9      | Gained mutation: You passively map a small area around you.
                  | [Xom's grace]
  9303 | D:9      | Gained mutation: Your natural rate of healing is unusually
                  | fast. [Xom's grace]
  9380 | D:9      | Found a snail-covered altar of Cheibriados.
  9572 | D:9      | XOM: god gift: 25 stones
  9642 | D:9      | XOM: cast spell 'Necromutation'
  9900 | D:10     | Entered Level 10 of the Dungeon
  9932 | D:10     | Noticed a two-headed ogre
  9996 | D:10     | Reached skill level 5 in Dodging
 10008 | D:10     | Noticed a death yak
 10008 | D:10     | Noticed a two-headed ogre
 10008 | D:10     | Noticed a death yak
 10021 | D:10     | Killed a two-headed ogre
 10025 | D:10     | Killed a death yak
 10057 | D:10     | Noticed a death yak
 10062 | D:10     | Found a staircase to the Lair.
 10067 | D:10     | XOM: 1-stop teleportation journey
 10106 | D:10     | XOM: blink monster(s)
 10130 | D:10     | XOM: blink monster(s)
 10196 | D:10     | Killed a two-headed ogre
 10197 | D:10     | Reached skill level 12 in Long Blades
 10197 | D:10     | Reached XP level 11. HP: 46/80 MP: 10/10
 10312 | D:10     | XOM: blink monster(s)
 10546 | D:10     | XOM: polymorph eye of draining -> fire bat
 10560 | D:10     | Reached skill level 5 in Evocations
 10694 | D:10     | Reached skill level 13 in Long Blades
 10730 | D:10     | XOM: polymorph yak -> spriggan
 10746 | D:10     | XOM: divination: detect creatures
 10761 | D:10     | XOM: scenery: 2 doors close
 10767 | D:10     | Killed a death yak
 10780 | D:10     | Killed a death yak
 10924 | D:10     | XOM: cast spell 'Necromutation'
 11291 | D:10     | XOM is BORED!
 11291 | D:10     | XOM: noise
 11347 | Lair:1   | Entered Level 1 of the Lair of Beasts
 11498 | Lair:1   | XOM: summons friendly white imp
 11506 | Lair:1   | XOM: confuse monster(s)
 11509 | Lair:1   | XOM: cleaving
 11518 | Lair:1   | Reached skill level 14 in Long Blades
 11725 | Lair:1   | XOM: cleaving
 11726 | Lair:1   | XOM: summons 3 friendly demons
 11847 | Lair:1   | XOM: scenery: create altars
 11876 | Lair:1   | Noticed Grum
 11884 | Lair:1   | Killed Grum
 11888 | Lair:1   | Reached XP level 12. HP: 89/89 MP: 11/11
 11987 | Lair:1   | XOM: summons 7 hostile demons
 12010 | Lair:1   | HP: 2/79 [soul eater[Xom] (6)]
 12011 | Lair:1   | Killed from afar by a white imp

Illustrated notes

Levels and vault maps discovered:
D:1:      ncdulo_watergridlock, layout_loops_ring, serial_bayou_ford_a,
          hangedman_decor_points
D:2:      layout_rooms, general_overflow_altar, lemuel_doored_altar
D:3:      layout_loops_corners
D:4:      layout_loops_cross, minmay_overflow_temple_star_hex,
          minmay_temple_entry_waves, uniq_crazy_yiuf_cottage, uniq_blork_the_orc
D:5:      layout_basic, pdpol_temple_overflow_zin_treasury_gozag_greed
D:6:      layout_loops_ring, nicolae_overflow_crystal_walls,
          nemelex_xobeh_ov_fountains_minmay, lemuel_blue_sif_altar
D:7:      layout_loops_ring, minmay_diced_spiral
D:8:      layout_gridville, grunt_decor_fettered
D:9:      layout_stronghold, slow_altar_2
D:10:     layout_grid_maze, dpeg_lair_monsters, serial_undead, serial_undead_e,
          serial_undead_b, serial_undead_a, serial_undead_f, serial_undead_e,
          serial_undead_b, serial_undead_f, serial_undead_e
Lair:1:   layout_gridlike, serial_bayou_pond_b, uniq_grum

Skill      XL: |  1  2  3  4  5  6  7  8  9 10 11 12 |
---------------+-------------------------------------+-----
Fighting       | 4 5 6 7 10 12 | 12.0
Long Blades    | 3 4 5 6 8 10 11 12 14 | 14.0
Armour         | 4 5 6 8 |  8.0
Shields        | 4 5 8 |  8.0
Dodging        | 1 3 5 |  5.0
Evocations     | 2 4 6 7 |  7.0

Action                   |  1- 3 |  4- 6 |  7- 9 | 10-12 || total
-------------------------+-------+-------+-------+-------++-------
Melee: Long sword        |    56 |   112 |   402 |   388 ||   958
       Headbutt          |     6 |    25 |    74 |   123 ||   228
Evoke: Wand              |       |       |       |     8 ||     8
  Use: Scroll            |     7 |     3 |    13 |     6 ||    29
       Potion            |       |     2 |     6 |     1 ||     9
 Stab: Confused          |       |       |       |     1 ||     1
Armor: Scale mail        |    26 |    44 |     9 |       ||    79
       Chain mail        |       |       |   184 |       ||   184
       Plate armour      |       |       |    19 |   145 ||   164
Dodge: Dodged            |    18 |    60 |   120 |    89 ||   287
Block: Kite shield       |    30 |    72 |   215 |   190 ||   507
       Rpst.: Long sword |     6 |    17 |    30 |    29 ||    82
